 Dungeon Crawl Stone Soup version 0.30-a0-1163-gf69bf04e7a (webtiles) character file.

Game seed: 6897554112187029088

331 Adrian566 the Chopper (level 6, -1/53 HPs)
             Began as a Hill Orc Monk on Apr 28, 2023.
             Slain by an ogre
             ... wielding a +0 giant spiked club
              (20 damage)
             ... on level 5 of the Dungeon.
             The game lasted 00:02:58 (2005 turns).

Adrian566 the Chopper (Hill Orc Monk)               Turns: 2005, Time: 00:02:59

Health: -1/53      AC:  9    Str: 16    XL:     6   Next: 52%
Magic:  6/6        EV: 10    Int: 10    God:
Gold:   129        SH:  0    Dex: 13    Spells: 5/5 levels left

rFire   . . .        a - +0 hand axe
rCold   . . .        d - orb {light}
rNeg    + . .        l - +0 scale mail
rPois   .            j - +0 helmet
rElec   .            (no cloak)
rCorr   .            o - +1 pair of gloves
SInv    .            (no boots)
Will    +....        (no amulet) Stlth
                     q - ring of positive energy
HPRegen 0.28/turn    (no ring)
MPRegen 0.10/turn

%: no passive effects
@: on berserk cooldown, attractive, flying, slowed, glowing, very slow
A: strong-willed 1
a: no special abilities


You were on level 5 of the Dungeon.
You visited 1 branch of the dungeon, and saw 4 of its levels.

You collected 129 gold pieces.

Inventory:

Hand Weapons
 a - a +0 hand axe (weapon)
Armour
 d - an orb of light (worn)
 j - a +0 helmet (worn)
 l - a +0 scale mail (worn)
 o - a +1 pair of gloves (worn)
Jewellery
 q - a ring of positive energy (left hand)
Wands
 r - a wand of roots (12)
 s - a wand of acid (12)
Scrolls
 b - a scroll of fear {unknown}
 i - 2 scrolls of magic mapping
 k - 3 scrolls of identify {unknown}
 p - a scroll of fog {unknown}
 t - a scroll of immolation {unknown}
Potions
 c - a potion of ambrosia
 e - 3 potions of curing
 f - a potion of flight
 g - a potion of attraction
 h - 2 potions of heal wounds
 u - a potion of might {unknown}


   Skills:
 + Level 4.7 Fighting
 * Level 7.8 Axes
 + Level 1.4 Armour
 + Level 3.0 Dodging
 + Level 0.7 Stealth


You had 5 spell levels left.
You didn't know any spells.
Your spell library contained the following spells:

 Spells                   Type           Power      Damage    Failure   Level
 Magic Dart               Conj           0%         1d3       80%         1
 Call Imp                 Summ           0%         N/A       91%         2
 Mephitic Cloud           Conj/Pois/Air  0%         N/A       99%         3
 Animate Armour           Summ/Erth      0%         N/A       100%        4
 Blade Hands              Tmut           0%         N/A       100%        5
 Iron Shot                Conj/Erth      0%         9d1       100%        6


Dungeon Overview and Level Annotations

Branches:
Dungeon (3/15)

Altars:
Cheibriados
Uskayaw


Innate Abilities, Weirdness & Mutations

You are strong-willed. (Will+)


Message History

The steam dragon is heavily wounded.
The steam dragon bites you. The steam dragon closely misses you.
You slash the steam dragon!
The steam dragon is severely wounded.
The steam dragon barely misses you. The steam dragon completely misses you.
You hit the steam dragon but do no damage.
The steam dragon is severely wounded.
You hit the steam dragon.
The steam dragon is severely wounded.
The steam dragon closely misses you. x2
You hit the steam dragon.
The steam dragon is almost dead.
The steam dragon breathes steam at you. The ball of steam hits you!
You slash the steam dragon!
You kill the steam dragon!
You are engulfed in a cloud of scalding steam.
Your Axes skill increases to level 7!
Your Armour skill increases to level 1!
Your Dodging skill increases to level 3!
You have reached level 6!
You are engulfed in a cloud of scalding steam.
An ogre comes into view. It is wielding a +0 giant spiked club.
You feel a strong urge to attack something.
The ogre shouts!
The ogre is attracted toward you.
An ogre is nearby!
An ogre is nearby!
You are no longer berserk.
You are exhausted.
You feel yourself slow down. The ogre is attracted toward you.
You slash the ogre!
The ogre is moderately wounded.
The ogre closely misses you.
You hit the ogre but do no damage.
The ogre is moderately wounded.
The ogre hits you with a +0 giant spiked club!
You completely miss the ogre.
The ogre is moderately wounded.
The ogre hits you with a +0 giant spiked club!!
You die...

.. #.# #..##
#.... #..§.##
#.....#
#..O.# #...@#
###..#
##+########.#
.........§..#
............#
............#
########+####


You could see an ogre.

Vanquished Creatures
  A steam dragon (D:5)
  Natasha (thrice) (D:2)
  Terence (D:2)
  An orc wizard (D:3)
  2 adders
  9 dart slugs (D:3)
  3 orcs (D:3)
  A ball python (D:3)
  3 endoplasms (D:1)
  5 giant cockroaches
  3 hobgoblins
  4 quokkas
  2 frilled lizards
  2 goblins
  4 rats
44 creatures vanquished.

Notes
Turn   | Place    | Note
-------+----------+-------------------------------------------
     0 | D:1      | Adrian566 the Hill Orc Monk began the quest for the Orb.
     0 | D:1      | Reached XP level 1. HP: 19/19 MP: 1/1
   159 | D:1      | Reached XP level 2. HP: 22/27 MP: 2/2
   201 | D:1      | Found a faded altar of an unknown god.
   871 | D:2      | Noticed Terence
   885 | D:2      | Killed Terence
   886 | D:2      | Reached skill level 5 in Axes
   886 | D:2      | Reached XP level 3. HP: 12/33 MP: 3/3
  1062 | D:2      | Found a snail-covered altar of Cheibriados.
  1079 | D:2      | Noticed Natasha
  1096 | D:2      | Killed Natasha
  1097 | D:2      | Reached XP level 4. HP: 15/40 MP: 4/4
  1225 | D:2      | Noticed Natasha
  1232 | D:2      | Killed Natasha
  1233 | D:2      | Reached skill level 6 in Axes
  1390 | D:2      | Noticed Natasha
  1404 | D:2      | Killed Natasha
  1405 | D:2      | Reached XP level 5. HP: 45/47 MP: 5/5
  1827 | D:3      | Noticed a +0 dagger
  1827 | D:3      | Noticed a +0 dagger
  1842 | D:3      | Found a hide-covered altar of Uskayaw.
  1982 | D:3      | You fall into a shaft and drop 2 floors!
  1982 | D:5      | Entered Level 5 of the Dungeon
  1986 | D:5      | Noticed a steam dragon
  1991 | D:5      | Gained mutation: You are strong-willed. (Will+) [potion of
                  | mutation]
  1999 | D:5      | Killed a steam dragon
  2000 | D:5      | Reached skill level 7 in Axes
  2000 | D:5      | Reached skill level 1 in Armour
  2000 | D:5      | Reached XP level 6. HP: 51/53 MP: 6/6
  2005 | D:5      | Slain by an ogre

Illustrated notes

Levels and vault maps discovered:
D:1:      saegor_arrival_under_anarchy, layout_basic,
          ebering_ecumenical_altar_ruins
D:2:      layout_loops_cross, basic_altar, uniq_natasha, uniq_terence
D:3:      kennysheep_slugbush, layout_basic, dancing_weapons_uskayaw,
          nicolae_overflow_hidden_temple
D:5:      minmay_opposing_rooms, layout_loops_corners,
          grunt_temple_overflow_champion_of_chaos, kennysheep_decorative_pillar,
          minmay_small_thing, uniq_crazy_yiuf_cottage

Skill      XL: |  1  2  3  4  5 |
---------------+----------------+-----
Fighting       | 4 |  4.7
Axes           | 5 6 7 |  7.8
Armour         | 1 |  1.4
Dodging        | 3 |  3.0
Stealth        | |  0.7

Action                     |  1- 3 |  4- 6 || total
---------------------------+-------+-------++-------
  Melee: Hand axe          |    66 |   103 ||   169
    Use: Scroll            |     3 |       ||     3
         Potion            |     1 |     5 ||     6
 Armour: Robe              |     7 |       ||     7
         Scale mail        |    20 |    41 ||    61
  Dodge: Dodged            |    43 |    56 ||    99

Table legend: (Time is in decaauts)
 A = Elapsed time spent in this place.
 B = Non-inter-level travel time spent in this place.
 C = Inter-level travel time spent in this place.
 D = Time resting spent in this place.
 E = Time spent auto-exploring this place.
 F = Levels seen in this place.
 G = Mean time per level.
                   A        B        C        D        E       F      G
               +--------+--------+--------+--------+--------+-----+--------+
         Total |   2041 |   1991 |     50 |    122 |   1409 |   4 |  510.2 |
       Dungeon |   2041 |   1991 |     50 |    122 |   1409 |   4 |  510.2 |
               +--------+--------+--------+--------+--------+-----+--------+

Top non-repeatable levels by time:
     D:2: 1005 daAuts
     D:1: 611 daAuts
     D:3: 405 daAuts
     D:5: 19 daAuts
